Map: Efflorescence LE

Players

AntiDog

  • Race: Protoss Protoss
  • League: Diamond
  • Spawn Location: 9:00

Hiderow

  • Race: Zerg Zerg
  • League: Platinum
  • Spawn Location: 6:00

KrYstaLîn

  • Race: Protoss Protoss
  • League: Diamond
  • Spawn Location: 12:00

Gandalf

  • Race: Zerg Zerg
  • League: Platinum
  • Spawn Location: 3:00

VOD

Have the link to the VOD?

Description

Time

  • Played on: May 2, 2020, 5:07 a.m.
  • Length: 15:26
Show
View Real Time Build Order
Export as new Build Order

AntiDog Protoss 

Build Orders:  

Get SALT Encoding   

  12  0:01  Probe  
  13  0:15  Pylon  
  13  0:19  Probe  
  14  0:31  Probe  
  15  0:43  Probe  
  15  0:44  Gateway  
  16  0:55  Probe  
  17  1:05  Assimilator  
  17  1:07  Probe  
  18  1:19  Probe (Chrono Boost)  
  19  1:32  Probe (Chrono Boost)  
  20  1:36  Assimilator  
  20  1:39  Probe (Chrono Boost)  
  21  1:48  Probe  
  22  1:54  Cybernetics Core  
  22  2:00  Pylon  
  22  2:12  Zealot  
  23  2:21  Probe  
  24  2:23  Assimilator  
  24  2:29  Nexus  
  24  2:33  Probe  
  25  2:38  Warp Gate (Chrono Boost)  
  25  2:41  Zealot  
  27  2:47  Twilight Council  
  27  2:54  Probe  
  28  3:06  Probe  
  28  3:10  Shield Battery  
  29  3:18  Probe  
  30  3:24  Pylon  
  30  3:30  Probe  
  26  3:46  Probe  
  27  4:00  Stalker  
  29  4:03  Probe x2  
  31  4:15  Probe  
  32  4:20  Probe  
  33  4:26  Forge  
  33  4:27  Probe  
  34  4:32  Probe  
  35  4:39  Probe, Dark Shrine  
  35  4:42  Gateway  
  35  4:44  Gateway  
  36  4:50  Probe  
  36  4:51  Probe  
  38  4:56  Charge (Chrono Boost)  
  38  5:02  Probe  
  38  5:03  Probe  
  40  5:07  Templar Archives  
  40  5:13  Protoss Ground Weapons Level 1 (Chrono Boost)  
  40  5:14  Probe  
  41  5:15  Probe  
  42  5:26  Probe  
  42  5:27  Probe  
  44  5:30  Sentry, Pylon  
  46  5:37  Assimilator  
  46  5:38  Probe  
  46  5:41  Assimilator  
  47  5:44  Pylon  
  47  5:47  High Templar  
  49  5:56  Psionic Storm  
  49  5:59  Gateway  
  49  6:01  Gateway  
  49  6:02  Pylon  
  49  6:05  Pylon  
  49  6:14  Zealot x2  
  51  6:31  Dark Templar  
  53  6:39  Zealot x2  
  57  6:46  Cybernetics Core  
  57  6:49  Gateway  
  57  6:56  Zealot x2  
  61  7:05  Zealot x2  
  61  7:06  Zealot  
  63  7:16  Pylon  
  49  7:35  Zealot x5  
  55  7:43  Probe (Chrono Boost)  
  57  7:47  Probe (Chrono Boost)  
  57  7:49  Stalker  
  57  7:51  Photon Cannon  
  59  7:53  Protoss Ground Armor Level 1 (Chrono Boost)  
  59  7:55  Probe (Chrono Boost), Photon Cannon  
  61  7:58  Probe (Chrono Boost)  
  61  8:01  Stalker x5  
  59  8:24  Zealot x4  
  59  8:25  Zealot x2  
  64  8:36  Probe  
  64  8:39  Probe  
  67  8:48  Probe  
  67  8:49  High Templar  
  67  8:50  High Templar x2  
  67  8:51  Probe, High Templar  
  67  8:53  Archon  
  76  8:55  Archon  
  76  9:20  Dark Templar x2  
  76  9:22  Zealot x2  
  76  9:23  Zealot  
  86  9:29  Pylon  
  86  9:47  Probe x2  
  78  9:57  Zealot  
  78  9:58  Zealot x5  
  78  9:59  Probe  
  41  10:44  Dark Templar x3  
  41  10:45  Dark Templar x3  
  51  10:56  Probe x2 (Chrono Boost)  
  53  11:01  Twilight Council  
  53  11:02  Pylon  
  53  11:08  Probe (Chrono Boost)  
  55  11:14  Probe (Chrono Boost)  
  55  11:16  Probe (Chrono Boost)  
  44  11:54  Dark Templar x3  
  44  11:55  Dark Templar x3  
  44  11:57  Probe x2  
  44  11:59  Archon x2  
  44  12:00  Archon  
  58  12:09  Probe  
  59  12:25  Nexus  
  59  12:37  Zealot x5  
  59  12:38  Zealot  
  71  12:50  Probe x2  
  73  12:57  Zealot  
  73  12:58  Zealot x5  
  81  13:02  Probe  
  72  13:18  Zealot x2  
  72  13:19  Zealot x2, Dark Templar  
  78  13:20  Dark Templar  
  74  13:39  High Templar x4  
  67  13:43  Archon  
  67  13:44  Archon  
  46  14:21  Probe x2  
  48  14:26  Zealot x5  
  48  14:27  Zealot  
  60  14:33  Probe  
  61  14:40  Probe  
  60  15:04  High Templar x2  
  60  15:05  High Templar x2  
  68  15:09  Archon x2  
Show
View Real Time Build Order
Export as new Build Order

Hiderow Zerg 

Build Orders: Pool First 

Get SALT Encoding   

  12  0:01  Drone  
  13  0:13  Overlord  
  13  0:19  Drone  
  14  0:31  Drone x2  
  16  0:37  Drone  
  17  0:46  Drone  
  18  1:08  Extractor  
  17  1:12  Spawning Pool  
  17  1:14  Hatchery  
  17  1:17  Drone  
  16  1:19  Drone  
  17  1:26  Drone  
  19  1:40  Drone  
  19  1:46  Overlord  
  19  1:51  Drone  
  20  2:01  Queen  
  22  2:10  Zergling x2  
  22  2:11  Metabolic Boost  
  23  2:24  Zergling x2  
  23  2:26  Queen  
  23  2:28  Drone  
  23  2:29  Drone  
  28  2:37  Zergling x2  
  29  2:47  Drone  
  29  2:49  Zergling x2  
  31  2:51  Drone  
  32  3:01  Drone  
  32  3:03  Overlord  
  33  3:19  Drone x2  
  35  3:21  Overlord  
  35  3:24  Roach Warren  
  35  3:55  Drone x2  
  35  3:56  Overlord  
  35  3:57  Drone x3  
  35  3:58  Drone x3  
  42  4:04  Drone x2  
  42  4:06  Lair  
  42  4:08  Extractor, Drone  
  44  4:10  Zergling x2  
  45  4:17  Hatchery  
  44  4:24  Drone x4  
  44  4:25  Drone x3  
  51  4:40  Drone  
  51  4:41  Roach  
  53  4:52  Drone x3  
  56  5:17  Drone x3  
  56  5:18  Drone  
  56  5:19  Extractor  
  59  5:21  Extractor  
  59  5:22  Hydralisk Den  
  59  5:23  Glial Reconstitution  
  59  5:24  Drone x3  
  60  5:35  Queen  
  62  5:36  Overlord x2, Drone  
  62  5:37  Drone  
  65  5:43  Evolution Chamber  
  65  5:44  Evolution Chamber, Roach  
  61  5:52  Zergling x10  
  61  5:55  Roach x3  
  69  6:14  Hydralisk  
  69  6:15  Roach x2  
  75  6:28  Overlord x4  
  74  6:35  Roach  
  72  6:51  Roach x5  
  85  7:01  Roach x2  
  85  7:19  Roach x2  
  75  7:37  Roach x4  
  75  7:38  Roach x2  
  87  7:49  Spore Crawler  
  87  7:51  Overseer  
  83  7:55  Queen, Spore Crawler  
  76  8:16  Queen  
  75  8:34  Spore Crawler  
  74  8:37  Hydralisk x2  
  74  8:38  Hydralisk x7  
  90  9:02  Hydralisk x2  
  76  9:29  Overlord x2  
  76  9:42  Overlord x2  
  76  10:01  Muscular Augments, Hydralisk  
  76  10:02  Spore Crawler  
  76  10:05  Spore Crawler  
  76  10:12  Drone x2  
  76  10:13  Drone x6  
  84  10:15  Zerg Missile Weapons Level 1  
  84  10:35  Hydralisk x2  
  84  10:36  Hydralisk x2  
  88  11:02  Hatchery  
  54  11:21  Hydralisk x5  
  54  11:22  Hydralisk x5  
  74  11:28  Hydralisk x2  
  78  11:34  Drone x2  
  80  11:44  Grooved Spines, Hydralisk x2  
  84  12:02  Hydralisk x3  
  90  12:10  Hydralisk  
  92  12:16  Zergling x2  
  92  12:17  Zergling x14  
  92  12:21  Queen, Extractor  
  97  12:46  Roach x5  
  97  12:47  Roach x4  
  115  12:57  Roach x3  
  121  13:04  Zerg Missile Weapons Level 2  
  121  13:05  Hydralisk x2  
  121  13:06  Roach x2  
  83  13:33  Hydralisk  
  83  13:34  Hydralisk x4, Roach x3  
  63  13:35  Roach x3  
  75  13:50  Hydralisk x3  
  81  14:18  Hydralisk  
  81  14:19  Hydralisk x3, Roach x3  
  81  14:20  Roach  
  97  14:45  Zergling x2  
  76  15:21  Hatchery  
Show
View Real Time Build Order
Export as new Build Order

KrYstaLîn Protoss 

Build Orders: Nexus First 

Get SALT Encoding   

  12  0:01  Probe  
  13  0:13  Probe  
  14  0:25  Probe (Chrono Boost)  
  14  0:27  Pylon  
  15  0:44  Probe (Chrono Boost)  
  16  0:53  Probe  
  17  1:01  Nexus  
  17  1:09  Probe  
  18  1:19  Gateway  
  18  1:23  Assimilator  
  18  1:27  Probe  
  19  1:39  Probe  
  20  1:51  Probe  
  20  1:52  Pylon  
  21  2:03  Probe (Chrono Boost)  
  22  2:10  Zealot  
  22  2:12  Cybernetics Core  
  24  2:17  Probe (Chrono Boost)  
  24  2:18  Probe (Chrono Boost)  
  26  2:25  Probe (Chrono Boost)  
  26  2:26  Probe (Chrono Boost)  
  28  2:37  Assimilator  
  28  2:40  Probe (Chrono Boost)  
  30  2:46  Probe (Chrono Boost)  
  30  2:49  Warp Gate  
  31  2:51  Probe (Chrono Boost)  
  31  2:54  Probe (Chrono Boost)  
  31  2:58  Probe  
  32  3:02  Pylon  
  32  3:03  Stalker  
  36  3:06  Probe (Chrono Boost)  
  36  3:10  Robotics Facility  
  36  3:13  Probe (Chrono Boost)  
  36  3:19  Probe (Chrono Boost)  
  38  3:23  Probe (Chrono Boost)  
  38  3:25  Probe (Chrono Boost)  
  40  3:38  Twilight Council  
  40  3:40  Probe x2  
  42  3:43  Pylon  
  42  3:47  Pylon  
  42  3:52  Probe  
  42  3:53  Probe, Gateway  
  44  3:56  Gateway  
  44  4:00  Observer  
  45  4:05  Probe x2  
  45  4:06  Assimilator x2  
  47  4:17  Probe x2  
  49  4:20  Pylon  
  49  4:22  Pylon, Immortal (Chrono Boost)  
  49  4:29  Probe x2  
  55  4:43  Stalker  
  57  4:49  Pylon  
  57  4:52  Stalker x2  
  57  4:54  Pylon  
  61  5:00  Immortal (Chrono Boost)  
  65  5:08  Adept  
  67  5:16  Resonating Glaives  
  67  5:24  Adept  
  67  5:25  Adept  
  71  5:33  Immortal (Chrono Boost)  
  71  5:35  Nexus  
  71  5:38  Pylon  
  71  5:39  Adept  
  71  5:40  Pylon  
  77  6:25  Gateway  
  77  6:27  Gateway x2  
  77  6:31  Gateway  
  77  6:32  Gateway  
  75  7:00  Probe  
  76  7:01  Probe x2  
  76  7:02  Warp Prism (Chrono Boost)  
  80  7:12  Probe  
  75  7:40  Immortal (Chrono Boost)  
  69  8:01  Forge, Zealot x3  
  69  8:02  Forge, Zealot x4  
  75  8:39  Probe (Chrono Boost)  
  75  8:40  Probe x2 (Chrono Boost)  
  73  8:50  Probe x3 (Chrono Boost), Sentry x3  
  73  8:51  Sentry x5  
  73  8:54  Probe x2 (Chrono Boost)  
  73  8:55  Probe (Chrono Boost)  
  94  9:06  Probe x3  
  89  9:25  Stalker x2  
  89  9:26  Stalker x3, Adept  
  89  9:27  Adept x2, Protoss Ground Weapons Level 1 (Chrono Boost)  
  89  9:29  Protoss Ground Armor Level 1 (Chrono Boost)  
  71  10:03  Stalker x4, Immortal (Chrono Boost)  
  71  10:04  Stalker x4  
  85  10:28  Adept x5  
  91  10:29  Adept x3  
  91  10:35  Immortal (Chrono Boost)  
  103  10:56  Stalker x4  
  99  10:57  Zealot x4  
  99  10:58  Charge (Chrono Boost)  
  103  11:11  Immortal (Chrono Boost)  
  103  11:14  Protoss Shields Level 1 (Chrono Boost)  
  103  11:16  Protoss Ground Weapons Level 2 (Chrono Boost)  
  107  11:26  Assimilator  
  107  11:27  Assimilator  
  107  11:31  Pylon x2  
  107  11:34  Pylon  
  107  11:44  Immortal (Chrono Boost)  
  111  11:53  Adept x8  
  127  12:02  Nexus  
  127  12:03  Pylon  
  127  12:04  Pylon x2  
  127  12:17  Immortal (Chrono Boost)  
  127  12:22  Pylon  
  131  12:23  Pylon  
  131  12:25  Pylon  
  131  12:31  Blink  
  131  12:48  Pylon  
  131  12:52  Pylon, Immortal  
  75  14:05  Robotics Facility x2  
  75  14:08  Robotics Bay  
  75  14:09  Robotics Facility  
  75  14:10  Zealot x6  
  75  14:11  Zealot x2  
  91  14:20  Probe (Chrono Boost)  
  91  14:21  Probe (Chrono Boost)  
  95  14:26  Probe x2 (Chrono Boost)  
  95  14:30  Probe (Chrono Boost)  
  96  14:32  Assimilator  
  96  14:33  Assimilator  
  120  15:04  Zealot x6  
  120  15:05  Zealot x2  
Show
View Real Time Build Order
Export as new Build Order

Gandalf Zerg 

Build Orders: Pool First, Muta Ling Bane 

Get SALT Encoding   

  12  0:01  Drone  
  13  0:14  Overlord  
  13  0:18  Drone  
  14  0:32  Drone x2  
  16  0:36  Drone  
  16  0:37  Extractor  
  16  0:48  Spawning Pool  
  15  0:52  Drone  
  16  1:17  Hatchery  
  15  1:25  Overlord  
  15  1:38  Zergling x4  
  15  1:39  Zergling x2  
  18  1:46  Metabolic Boost  
  18  1:54  Drone  
  19  2:15  Drone x2  
  21  2:16  Queen  
  23  2:32  Drone x3  
  23  2:33  Queen  
  28  2:43  Overlord  
  29  2:44  Drone  
  29  2:50  Drone  
  30  2:58  Drone  
  30  2:59  Baneling Nest  
  30  3:03  Drone  
  30  3:04  Drone  
  32  3:13  Drone  
  32  3:19  Overlord  
  32  3:36  Drone x5  
  35  3:52  Zergling x2  
  35  3:53  Zergling x8  
  40  3:58  Drone  
  40  4:02  Drone  
  42  4:06  Hatchery  
  41  4:10  Lair  
  41  4:11  Drone  
  41  4:12  Drone  
  41  4:15  Baneling x4  
  43  4:21  Zergling x6  
  43  4:22  Zergling x2  
  48  4:24  Drone x2  
  48  4:37  Drone x2  
  50  4:41  Extractor  
  50  4:42  Extractor x2, Drone  
  48  4:50  Drone  
  48  4:51  Overlord x2  
  49  5:19  Drone x3  
  49  5:20  Drone, Spire  
  52  5:24  Evolution Chamber, Drone  
  52  5:25  Evolution Chamber, Overlord, Drone x3  
  52  5:26  Overlord  
  52  5:28  Queen  
  56  5:29  Drone x2  
  56  5:30  Drone  
  59  5:38  Centrifical Hooks  
  59  5:54  Zergling x2  
  59  5:55  Zergling x16  
  68  5:59  Overlord  
  68  6:26  Drone  
  68  6:27  Drone x8  
  77  6:56  Mutalisk  
  77  6:57  Mutalisk x5  
  89  7:05  Extractor, Drone  
  89  7:06  Drone x2  
  89  7:07  Extractor  
  90  7:13  Baneling  
  90  7:14  Baneling x2  
  90  7:15  Baneling x4  
  90  7:16  Baneling x2  
  90  7:18  Hatchery  
  90  7:21  Zerg Melee Weapons Level 1  
  90  7:22  Zerg Ground Armor Level 1  
  76  7:36  Zergling x6  
  76  7:37  Zergling x12  
  81  8:01  Mutalisk  
  81  8:02  Mutalisk x5  
  91  8:22  Zergling x2  
  91  8:23  Zergling x10  
  91  8:25  Overlord x4  
  91  8:26  Overlord  
  97  8:35  Drone x4  
  97  8:36  Drone x2  
  98  9:02  Zergling x2  
  97  9:03  Zergling x20  
  104  9:12  Drone x2  
  104  9:14  Queen  
  104  9:16  Drone x4  
  112  9:20  Zerg Melee Weapons Level 2  
  112  9:21  Zerg Ground Armor Level 2  
  112  9:25  Drone  
  112  9:26  Overlord x2  
  113  9:37  Zergling x2  
  113  9:38  Zergling x10  
  119  9:40  Baneling  
  119  9:41  Baneling x16  
  119  9:42  Baneling x10  
  118  9:59  Mutalisk x7  
  115  10:14  Zergling x2  
  115  10:15  Zergling x20  
  115  10:19  Baneling  
  115  10:20  Baneling x10  
  110  10:48  Baneling x7  
  110  10:49  Baneling x13  
  110  10:55  Zerg Flyer Weapons Level 1  
  110  11:00  Drone x3  
  104  11:15  Drone  
  104  11:17  Drone  
  104  11:18  Mutalisk  
  104  11:19  Mutalisk x3  
  104  11:22  Zergling x20  
  104  11:23  Zergling x24  
  104  11:25  Overseer  
  134  11:37  Overseer  
  134  11:40  Overseer  
  134  11:58  Overseer  
  134  11:59  Hatchery  
  133  12:02  Extractor, Drone x2  
  133  12:03  Drone x4  
  133  12:04  Extractor  
  137  12:11  Infestation Pit  
  130  12:40  Baneling x4  
  130  12:41  Baneling x6  
  130  12:42  Baneling  
  130  12:46  Hatchery  
  130  12:47  Hive  
  110  13:33  Zergling x2  
  113  13:34  Zergling x36  
  113  13:35  Zergling x20  
  139  14:16  Drone  
  140  14:17  Drone x2  
  140  14:18  Drone x5  
  140  14:22  Queen  
  149  14:25  Queen  
  151  14:33  Ultralisk Cavern  
  147  14:44  Mutalisk x3  
  147  14:45  Mutalisk x5  
  158  14:47  Overlord x3  
  158  14:58  Baneling  
  158  14:59  Baneling x25  
  158  15:02  Extractor, Overlord  
  158  15:03  Overlord x3  
  158  15:04  Extractor  
Tags
 
Add a new tag
Caveats
  • Supply blocks, unpowered buildings, or Contaminate may cause inaccurate times.
  • Supply counts are checked every 10 seconds.